 Dungeon Crawl Stone Soup version 0.28-a0-1444-g6c55d0bc0c (webtiles) character file.

Game seed: 14797030638079850163

4 Deminshera the Magician (level 1, 0/13 HPs)
             Began as a Demonspawn Wanderer on Jan 10, 2022.
             Slain by an endoplasm (2 damage)
             ... on level 1 of the Dungeon.
             The game lasted 00:01:13 (85 turns).

Deminshera the Magician (Demonspawn Wanderer)         Turns: 85, Time: 00:01:13

Health: 0/13       AC:  2    Str:  9    XL:     1   Next: 58%
Magic:  0/6        EV: 10    Int: 14    God:
Gold:   12         SH:  4    Dex: 14    Spells: 9/10 levels left

rFire   . . .      SeeInvis .   a - +0 dagger
rCold   . . .      Faith    .   c - +0 buckler
rNeg    . . .      Spirit   .   b - +0 robe
rPois   .          Reflect  .   (no helmet)
rElec   .          Harm     .   (no cloak)
rCorr   .          Rampage  .   (no gloves)
Will    .....                   (no boots)
Stlth   ++........              (no amulet)
HPRegen 0.04/turn               (no ring)
MPRegen 0.10/turn               (no ring)

@: no status effects
A: no striking features
a: no special abilities


You were on level 1 of the Dungeon.
You visited 1 branch of the dungeon, and saw 1 of its levels.

You collected 12 gold pieces.

Inventory:

Hand Weapons
 a - a +0 dagger (weapon)
Armour
 b - a +0 robe (worn)
 c - a +0 buckler (worn)
Jewellery
 d - a +6 ring of dexterity


   Skills:
 - Level 1.0 Armour
 - Level 1.0 Stealth
 + Level 1.2 Shields
 - Level 5.0 Spellcasting
 - Level 1.1 Necromancy
 + Level 0.7 Poison Magic


You had 9 spell levels left.
You knew the following spells:

 Your Spells              Type           Power      Damage    Failure   Level
a - Sting                 Tmut/Pois      16%        1d3       21%         1

Your spell library contained the following spells:

 Spells                   Type           Power      Damage    Failure   Level
 Animate Skeleton         Necr           12%        N/A       14%         1
 Freeze                   Ice            12%        1d4       22%         1
 Sublimation of Blood     Necr           6%         N/A       22%         2
 Corpse Rot               Necr/Air       10%        N/A       28%         2
 Swiftness                Air            3%         N/A       56%         3


Dungeon Overview and Level Annotations

Branches:
Dungeon (1/15)

Altars:


Message History

The ball python hisses angrily.
There are monsters nearby!
There are monsters nearby!
There are monsters nearby!
An endoplasm comes into view.
The goblin shouts!
The endoplasm quivers.
The goblin hits you but does no damage.
The sting misses the goblin.
The goblin hits you with a +0 club.
The sting misses the goblin.
The goblin barely misses you.
The ball python bites you but does no damage.
The ball python grabs you. The ball python constricts you.
The ball python bites you. The ball python constricts you.
You escape the ball python's grasp.
You miscast Sting.
You are very lightly contaminated with residual magic.
Nothing appears to happen.
The ball python barely misses you. x2
The sting hits the ball python.
The ball python is poisoned.
The ball python is severely wounded.
The ball python closely misses you. The ball python grabs you.
The ball python constricts you.
The sting hits the ball python.
The ball python looks even sicker.
You kill the ball python!
The sting hits the goblin.
The goblin is poisoned.
The goblin is moderately wounded.
The goblin misses you.
The sting hits the goblin.
The goblin looks even sicker.
You kill the goblin!
You are too depleted to draw on your mana recklessly!
You barely miss the endoplasm. The endoplasm hits you.
You hit the endoplasm.
The endoplasm is lightly wounded.
The endoplasm freezes you.
You are frozen.
* * * LOW HITPOINT WARNING * * *
Your magical contamination has completely faded away.
You hit the endoplasm.
The endoplasm is heavily wounded.
The endoplasm hits you.
You die...

...... #..#
#...##<.#
#.##..##..# #.##..#
.# #...##..# ..
#...# ..# .# #..##
### # .##
##########..# ....
#...J@......#
$....###.########.##
.......J.# #.#
....##..########.#
.#......†.J......#
#.##.............
.......######.###
....$...# ...####..


You could see an endoplasm.

Vanquished Creatures
  A goblin (D:1)
  2 hobgoblins (D:1)
  A ball python (D:1)
4 creatures vanquished.

Notes
Turn   | Place    | Note
-------+----------+-------------------------------------------
     0 | D:1      | Deminshera the Demonspawn Wanderer began the quest for the
                  | Orb.
     0 | D:1      | Deminshera set off with the following items: a +0 dagger, a
                  | +0 robe, a +0 buckler; and the following spells available
                  | to memorise: Animate Skeleton, Sublimation of Blood,
                  | Freeze, Sting, Corpse Rot, Swiftness
     0 | D:1      | Reached XP level 1. HP: 13/13 MP: 6/6
     2 | D:1      | Learned a level 1 spell: Sting
    85 | D:1      | Slain by an endoplasm

Illustrated notes

Levels and vault maps discovered:
D:1:      lightli_iron_boxes, layout_loops_ring, minmay_pentomino_q2

Action                   || total
-------------------------++-------
Melee: Dagger            ||     7
 Cast: Sting             ||    10
Armor: Robe              ||     2
Dodge: Dodged            ||     8

Table legend: (Time is in decaauts)
 A = Elapsed time spent in this place.
 B = Non-inter-level travel time spent in this place.
 C = Inter-level travel time spent in this place.
 D = Time resting spent in this place.
 E = Time spent auto-exploring this place.
 F = Levels seen in this place.
 G = Mean time per level.
                   A        B        C        D        E       F      G
               +--------+--------+--------+--------+--------+-----+--------+
         Total |     85 |     85 |      0 |      0 |     44 |   1 |   85.0 |
       Dungeon |     85 |     85 |      0 |      0 |     44 |   1 |   85.0 |
               +--------+--------+--------+--------+--------+-----+--------+

Top non-repeatable levels by time:
     D:1: 85 daAuts
